 Dungeon Crawl Stone Soup version 0.31.0-32-g396128a36d (webtiles) character file.

Game seed: 13393189560654761560

3310 tizbic2 the Trooper (level 10, -1/68 HPs)
             Began as an Octopode Fighter on Apr 10, 2024.
             Was an Elder of Uskayaw.
             Slain by Maurice
             ... wielding a +4 dagger of flaming
              (9 damage)
             ... on level 8 of the Dungeon.
             The game lasted 00:29:32 (6505 turns).

tizbic2 the Trooper (Octopode Fighter)              Turns: 6505, Time: 00:29:32

Health: -1/68      AC:  1    Str: 15    XL:     10   Next: 1%
Magic:  21/27      EV: 15    Int: 23    God:    Uskayaw [****..]
Gold:   288        SH:  7    Dex: 22    Spells: 17/20 levels left

rFire   + . .        F - +5 dagger of Extinguishment {heavy, rF+ Str-3 Int+4 Dex+5}
rCold   . . .        a - +1 buckler
rNeg    . . .        (helmet restricted)
rPois   .            q - amulet of magic regeneration
rElec   .            l - ring of magical power
rCorr   .            B - ring of willpower
SInv    .            D - +6 ring of dexterity
Will    +....        s - +6 ring of intelligence
Stlth   +++          (no ring)
HPRegen 0.31/turn    (no ring)
MPRegen 0.60/turn    (no ring)
                     (no ring)

%: no passive effects
@: no status effects
A: almost no armour, amphibious, 8 rings, camouflage 1, gelatinous body 1,
(nimble swimmer 1), tentacles
a: Renounce Religion, Stomp, Line Pass


You were on level 8 of the Dungeon.
You worshipped Uskayaw.
Uskayaw was noncommittal.
You visited 2 branches of the dungeon, and saw 9 of its levels.

You collected 288 gold pieces.

Inventory:

Hand Weapons
 h - a +0 long sword
 F - the +5 dagger of Extinguishment (weapon) {heavy, rF+ Str-3 Int+4 Dex+5}
   (You found it on level 6 of the Dungeon)

   Str-3:     It affects your strength (-3).
   Int+4:     It affects your intelligence (+4).
   Dex+5:     It affects your dexterity (+5).
   rF+:       It protects you from fire.
Armour
 a - a +1 buckler (worn)
Magical Staves
 k - a staff of conjuration
Jewellery
 l - a ring of magical power (left tentacle)
 q - an amulet of magic regeneration (around mantle)
 s - a +6 ring of intelligence (on tentacle)
 B - a ring of willpower (right tentacle)
 D - a +6 ring of dexterity (on tentacle)
Wands
 p - a wand of roots (16)
 u - a wand of flame (26)
Scrolls
 c - 2 scrolls of fog
 n - a scroll of identify
 t - a scroll of vulnerability
 w - 2 scrolls of teleportation
 x - a scroll of revelation
 y - a scroll of silence {unknown}
 E - a scroll of blinking
 G - a scroll of poison {unknown}
Potions
 b - 2 potions of might
 d - 2 potions of magic {unknown}
 f - a potion of berserk rage
 i - 2 potions of curing {unknown}
 j - a potion of brilliance {unknown}
 m - 3 potions of enlightenment {unknown}
 o - 3 potions of haste {unknown}
 r - 3 potions of ambrosia
 v - 2 potions of invisibility {unknown}
 z - a potion of resistance {unknown}
 A - a potion of degeneration {unknown}
 H - a potion of lignification {unknown}


   Skills:
 + Level 5.7 Fighting
 - Level 3.8 Staves
 - Level 3.5 Dodging
 - Level 1.1 Stealth
 - Level 5.6 Shields
 - Level 2.7 Unarmed Combat
 * Level 5.6 Spellcasting
 - Level 5.5 Conjurations
 * Level 3.5 Summonings
 - Level 4.0 Invocations
 - Level 3.7 Evocations


You had 17 spell levels left.
You knew the following spells:

 Your Spells              Type           Power      Damage    Failure   Level
a - Magic Dart            Conj           100%       1d8       1%          1
b - Searing Ray           Conj           62%        2d6       1%          2

Your spell library contained the following spells:

 Spells                   Type           Power      Damage    Failure   Level
 Fulminant Prism          Conj/Alch      9%         3d7       34%         4
 Summon Forest            Summ/Tloc      7%         N/A       83%         5
 Summon Mana Viper        Hex/Summ       14%        N/A       83%         5
 Summon Cactus Giant      Summ           11%        N/A       99%         6


Dungeon Overview and Level Annotations

Branches:
Dungeon (8/15)             Temple (1/1) D:6
   Lair: D:8-11

Altars:
Ashenzari
Cheibriados
Dithmenos
Elyvilon
Fedhas
Gozag
Hepliaklqana
Kikubaaqudgha
Makhleb
Nemelex Xobeh
Okawaru
Qazlal
Sif Muna
Trog
Uskayaw
Vehumet
Wu Jian
Xom
Yredelemnul
Zin
The Shining One

Shops:
D:7 (

Annotations:
D:8 Jeremiah, Maurice
Temple 4 transporters


Innate Abilities, Weirdness & Mutations

You cannot wear most types of armour.
You are amphibious.
You can wear up to eight rings at the same time.
Your skin changes colour to match your surroundings (Stealth+).
Your rubbery body absorbs attacks. (AC +1, EV +1)
((You are camouflaged when in or above water. (Stealth+)))
You have tentacles for arms and can constrict up to eight enemies at once.


Message History

You constrict Maurice, but do no damage.
You block Maurice's attack. Maurice completely misses you.
Maurice hits you with a +4 dagger of flaming!
Maurice steals your amulet of guardian spirit!
Maurice puts on an amulet of guardian spirit.
Maurice burns you. Maurice closely misses you.
Uskayaw will force your foes to share their pain.
Casting: Searing Ray (safe; 1% risk of failure)
Confirm with . or Enter, or press ? or * to list all spells.
Aiming: Searing Ray (safe; 1% risk of failure)
Press: ? - help, Shift-Dir - straight line, f - Maurice
Aim: Maurice, wielding a +4 dagger of flaming, wearing a +0 cloak, wearing an amulet of guardian spirit and carrying a wand of light (moderately wounded, constricted by you, 100% to hit)
The searing ray hits Maurice.
Maurice is moderately wounded. (Press . to maintain the ray.)
You constrict Maurice.
Maurice casts a spell.
Maurice flickers and vanishes!
Deactivating autopickup; reactivate with Ctrl-A.
The searing ray hits something.
You constrict something.
You hear a zap.
A bolt of light appears from out of thin air!
The bolt of light hits you!
* * * LOW HITPOINT WARNING * * *
The searing ray hits something!
You constrict something. Something hits you.
* * * LOW HITPOINT WARNING * * *
Something steals 160 gold pieces!
You now have 288 gold pieces.
Something burns you.
* * * LOW HITPOINT WARNING * * *
Something barely misses you.
You can now merge with and destroy a victim.
Okay, then.
Aiming: Grand Finale
Press: ? - help, Shift-Dir - straight line, f - you
Okay, then.
Okay, then.
You stomp with the beat, sending a shockwave through the revellers around you!
You can no longer merge with and destroy a victim.
You constrict something. Something hits you!
You die...

#.... ...[... #.... .....#
#.).. ....#### . ......
#......##.. ....... .##
#.........# .......
...###.........# .......
#.......{.....# .........
# #.....@.....###........
..#....)......##.........
...................... #.
####.................####
.####.../........#....#..)
.................##......#
................##........
##..##..........#.........
##. ##.......#...........


There were no monsters in sight!

Vanquished Creatures
  Pikel (D:4)
  Psyche (D:8)
  A wraith (D:7)
  Menkaure (D:5)
  2 water moccasins
  A sky beast (D:6)
  An orc warrior (D:8)
  4 ogres
  A centaur (D:8)
  2 kobold brigands (D:7)
  A phantom (D:6)
  A lemure (D:4)
  7 scorpions (D:4)
  3 bullfrogs (D:7)
  A bombardier beetle (D:7)
  A howler monkey (D:6)
  A jelly (D:6)
  3 hounds
  An orc priest (D:8)
  A sleepcap (D:6)
  A gnoll bouda (D:5)
  4 iguanas
  Ijyb (D:3)
  An orc wizard (D:8)
  4 gnolls (D:3)
  8 adders
  2 white imps
  A ribbon worm (D:3)
  3 dart slugs
  13 orcs
  4 endoplasms
  2 giant cockroaches
  7 goblins
  9 hobgoblins
  10 jackals
  10 kobolds
  10 quokkas
  12 ball pythons
  15 bats
  8 rats
160 creatures vanquished.

Vanquished Creatures (others)
  An arcanist (D:5)
1 creature vanquished.

Grand Total: 161 creatures vanquished

Notes
Turn   | Place    | Note
-------+----------+-------------------------------------------
     0 | D:1      | tizbic2 the Octopode Fighter began the quest for the Orb.
     0 | D:1      | Reached XP level 1. HP: 16/16 MP: 1/1
   130 | D:1      | Reached XP level 2. HP: 21/21 MP: 2/2
   542 | D:1      | Reached XP level 3. HP: 22/26 MP: 3/3
   766 | D:2      | Found a faded altar of an unknown god.
   798 | D:2      | Prayed at the altar of an unknown god.
   798 | D:2      | Became a worshipper of Uskayaw the Reveller
   798 | D:2      | Reached * piety under Uskayaw
  1305 | D:3      | Reached ** piety under Uskayaw
  1307 | D:3      | Reached XP level 4. HP: 30/31 MP: 4/4
  1341 | D:3      | Found a shadowy altar of Dithmenos.
  1373 | D:3      | Reached *** piety under Uskayaw
  1375 | D:3      | Reached skill level 1 in Staves
  1376 | D:3      | Reached **** piety under Uskayaw
  1512 | D:3      | Reached XP level 5. HP: 36/36 MP: 5/5
  1535 | D:3      | Noticed Ijyb
  1549 | D:3      | Killed Ijyb
  1919 | D:3      | Reached skill level 1 in Evocations
  2061 | D:4      | Reached skill level 1 in Conjurations
  2201 | D:4      | Reached skill level 1 in Stealth
  2201 | D:4      | Reached XP level 6. HP: 39/42 MP: 7/7
  2214 | D:4      | Learned a level 1 spell: Magic Dart
  2217 | D:4      | Learned a level 2 spell: Searing Ray
  2496 | D:4      | Reached skill level 1 in Spellcasting
  2498 | D:4      | Reached skill level 1 in Invocations
  2797 | D:4      | Noticed Pikel
  2807 | D:4      | Killed Pikel
  2808 | D:4      | Reached XP level 7. HP: 10/48 MP: 11/11
  3010 | D:4      | Found an opulent altar of Gozag.
  3011 | D:4      | Found a basalt altar of Yredelemnul.
  3078 | D:4      | Reached XP level 8. HP: 52/54 MP: 12/12
  3733 | D:5      | Entered Level 5 of the Dungeon
  3739 | D:5      | Found a bloodstained altar of Trog.
  3740 | D:5      | Noticed a wizard
  3746 | D:5      | Killed a wizard
  3838 | D:5      | Found a shimmering altar of Xom.
  3933 | D:5      | Noticed Menkaure
  3944 | D:5      | Killed Menkaure
  3945 | D:5      | Reached skill level 5 in Shields
  4226 | D:5      | Reached XP level 9. HP: 60/60 MP: 15/15
  4616 | D:6      | Found a staircase to the Ecumenical Temple.
  4635 | Temple   | Found a transporter.
  4635 | Temple   | Found a transporter.
  4635 | Temple   | Found a transporter.
  4635 | Temple   | Found a transporter.
  4635 | Temple   | Entered the Ecumenical Temple
  4814 | D:6      | Reached skill level 5 in Fighting
  4846 | D:6      | Identified the +5 dagger of Extinguishment {heavy, rF+
                  | Str-3 Int+4 Dex+5}
  4969 | D:6      | Found a shimmering blue altar of Sif Muna.
  5174 | D:7      | Reached skill level 5 in Conjurations
  5174 | D:7      | Reached skill level 1 in Summonings
  5612 | D:7      | Found a glowing golden altar of the Shining One.
  5612 | D:7      | Found a hazy altar of Hepliaklqana.
  5913 | D:7      | Reached skill level 5 in Spellcasting
  5921 | D:7      | Found Hosyamaa's Weapon Shoppe.
  6170 | D:8      | Noticed Jeremiah
  6487 | D:8      | Noticed Psyche
  6492 | D:8      | Noticed Maurice
  6495 | D:8      | Killed Psyche
  6496 | D:8      | Reached XP level 10. HP: 18/68 MP: 18/18
  6499 | D:8      | Maurice stole a +3 dagger of venom
  6501 | D:8      | Maurice stole an amulet of guardian spirit
  6504 | D:8      | Something stole 160 gold
  6504 | D:8      | Reached ***** piety under Uskayaw
  6505 | D:8      | Slain by Maurice

Illustrated notes

Levels and vault maps discovered:
D:1:      erik_arrival_cave_to_civilisation [erik_arrival_cave_to_hall],
          layout_loops_corners
D:2:      layout_rooms, basic_ecumenical_altar, chequers_serial_rivers_micro_d
D:3:      layout_basic, nicolae_dithmenos_through_a_glass_darkly,
          hangedman_abyss_or_decor_stabs, nicolae_eternal_life, st_stairs_6,
          minmay_fractal_squares_gapless_5, uniq_ijyb
D:4:      old_forge, layout_loops_corners, mainiacjoe_overflow_divided_tiny,
          uniq_pikel
D:5:      minmay_evil_eye, layout_gridville, tgw_xom, trog_wizard, uniq_menkaure
D:6:      layout_gridville, mainiacjoe_overflow_alcove_4,
          minmay_temple_entry_sparse_star, kennysheep_nondescript
D:7:      layout_cave_pods, gammafunk_temple_overflow_wave, serial_shops,
          nicolae_shop_statue_plus
D:8:      layout_cave_pools, uniq_maurice, uniq_psyche, uniq_jeremiah
Temple:   hellmonk_temple_divided_pantheon

Skill      XL: |  1  2  3  4  5  6  7  8  9 |
---------------+----------------------------+-----
Staves         | 1 2 3 |  3.8
Evocations     | 1 2 3 |  3.7
Shields        | 4 5 |  5.6
Conjurations   | 1 3 4 5 |  5.5
Stealth        | 1 |  1.1
Spellcasting   | 2 4 5 |  5.6
Invocations    | 2 3 4 |  4.0
Fighting       | 4 5 |  5.7
Summonings     | 3 |  3.5
Dodging        | |  3.5
Unarmed Combat | |  2.7

Action                     |  1- 3 |  4- 6 |  7- 9 | 10-12 || total
---------------------------+-------+-------+-------+-------++-------
  Melee: Unarmed           |    39 |       |       |       ||    39
         Constrict         |    21 |    34 |    27 |     1 ||    83
         Tentacles         |    13 |    23 |    18 |       ||    54
         Punch             |     2 |     5 |     1 |       ||     8
         Staff             |    17 |    96 |    60 |       ||   173
         Long sword        |     6 |       |       |       ||     6
         Dagger            |       |       |    24 |     3 ||    27
   Cast: Searing Ray       |       |     3 |    44 |     1 ||    48
         Magic Dart        |       |     2 |    64 |       ||    66
 Invoke: Stomp             |       |     2 |     2 |     1 ||     5
  Evoke: Wand              |       |     3 |       |       ||     3
    Use: Scroll            |     4 |     2 |     5 |       ||    11
         Potion            |       |       |       |     1 ||     1
   Stab: Sleeping          |     7 |    10 |     2 |       ||    19
         Paralysed         |       |     1 |     6 |       ||     7
 Armour: Skin              |    20 |    37 |    74 |     5 ||   136
  Dodge: Dodged            |    38 |    49 |    71 |     6 ||   164
  Block: Buckler           |     8 |    18 |    34 |     3 ||    63
